 Dungeon Crawl Stone Soup version 0.28-a0-425-gd0eccab798 (webtiles) character file.

Game seed: 15660778082351026128

693 Jawa73 the Chopper (level 7, -10/73 HPs)
             Began as an Octopode Fighter on Sept 9, 2021.
             Killed from afar by Ijyb (18 damage)
             ... with a puff of flame
             ... on level 5 of the Dungeon.
             The game lasted 00:09:34 (4269 turns).

Jawa73 the Chopper (Octopode Fighter)               Turns: 4269, Time: 00:09:34

Health: -10/73     AC: 23    Str: 17    XL:     7   Next: 64%
Magic:  7/7        EV:  2    Int: 11    God:
Gold:   173        SH:  4    Dex: 11    Spells: 4/6 levels left

rFire   x . .      SeeInvis .   j - +4 hand axe
rCold   + . .      Faith    .   b - +0 buckler
rNeg    + + +      Spirit   .   (helmet currently unavailable)
rPois   +          Reflect  .   (no amulet)
rElec   .          Harm     .   e - ring of ice
rCorr   .          Rampage  .   (no ring)
Will    .....      NoTele   +   (no ring)
Stlth   +.........              (no ring)
HPRegen 0.22/turn               (no ring)
MPRegen 0.10/turn               (no ring)
                                (no ring)
                                (no ring)

@: tree-form
A: stationary, stasis, torment immunity, boosted hp, almost no armour,
(amphibious), 8 rings, (camouflage 1), (gelatinous body 1), (nimble swimmer 1),
(tentacles)
a: no special abilities


You were on level 5 of the Dungeon.
You were a tree.
You visited 1 branch of the dungeon, and saw 5 of its levels.

You collected 173 gold pieces.

Inventory:

Hand Weapons
 a - a +0 war axe
 j - a +4 hand axe (weapon)
Armour
 b - a +0 buckler (worn)
 l - a +0 hat of willpower (melded)
 m - a +0 tower shield
Jewellery
 e - a ring of ice (left branch)
Scrolls
 f - a scroll of fog
 o - a scroll of teleportation
Potions
 c - a potion of flight {unknown}
 d - a potion of heal wounds {unknown}
 g - a potion of lignification
 h - a potion of haste {unknown}
 i - a potion of brilliance {unknown}
 k - 3 potions of curing {unknown}
 n - a potion of attraction {unknown}


   Skills:
 * Level 4.4 Fighting
 * Level 6.1 Axes
 * Level 4.5 Dodging
 * Level 4.1 Shields


You had 4 spell levels left.
You knew the following spells:

 Your Spells              Type           Power      Damage    Failure   Level
a - Call Imp              Summ           0%         N/A       47%         2

Your spell library contained the following spells:

 Spells                   Type           Power      Damage    Failure   Level
 Magic Dart               Conj           0%         1d3       34%         1
 Mephitic Cloud           Conj/Pois/Air  0%         N/A       71%         3


Dungeon Overview and Level Annotations

Branches:
Dungeon (5/15)
 Temple: D:4-7

Altars:

Annotations:
D:5 Ijyb


Innate Abilities, Weirdness & Mutations

You are a tree.
Your roots penetrate the ground, keeping you stationary.
You cannot be teleported.
You are immune to unholy pain and torment.
Your maximum health is greatly increased.
You cannot wear most types of armour.
((You are amphibious.))
You can wear up to eight rings at the same time.
((Your skin changes colour to match your surroundings (Stealth+).))
((Your rubbery body absorbs attacks. (AC +1, EV +1)))
((You are camouflaged near water. (Stealth+)))
((You have tentacles for arms and can constrict up to eight enemies at once.))


Message History

Ijyb the Twisted Goblin comes into view.
She is wielding a +2 dagger of speed and carrying a wand of flame (15).
Found 16 gold pieces.
Ijyb zaps a wand.
The puff of flame hits you! The fire burns you terribly!
Ijyb zaps a wand.
The puff of flame hits you! The fire burns you terribly!
Found 20 stones.
A hound skeleton comes into view.
You start resting.
Ijyb is nearby!
You start resting.
Ijyb is nearby!
Ijyb misses you.
Ijyb zaps a wand.
The puff of flame hits you! The fire burns you terribly!
You barely miss Ijyb. You grab Ijyb. You constrict Ijyb.
Ijyb hits you with a +2 dagger of speed.
You hit Ijyb.
Ijyb is lightly wounded.
You constrict Ijyb.
Ijyb hits you with a +2 dagger of speed.
You hit Ijyb but do no damage.
Ijyb is moderately wounded.
You constrict Ijyb, but do no damage.
Ijyb hits you with a +2 dagger of speed.
* * * LOW HITPOINT WARNING * * *
Ijyb zaps a wand.
The puff of flame hits you. The fire burns you terribly!
* * * LOW HITPOINT WARNING * * *
It was a potion of lignification.
You turn into a tree.
Your +0 hat of willpower melds into your body.
You feel less strong-willed.
Your roots penetrate the ground.
You lose your grip on Ijyb.
Ijyb hits you but does no damage.
Okay, then.
You hit Ijyb.
Ijyb is heavily wounded.
You block Ijyb's attack.
You slash Ijyb!
Ijyb is severely wounded.
Ijyb hits you but does no damage. x2
You hit Ijyb but do no damage.
Ijyb is severely wounded.
Ijyb zaps a wand.
The puff of flame hits you!! The fire burns you terribly!
You die...

##.##............)....<....... #
#.......................#[.
##..##.......).........##..
##......####..............
#.##......g..................
#.....#..##.......#..........
.........##.###.....##.........#
......#......###g....####......#
......##.......♣.......# #.....
#..... #.....####......####.....
..... ........ ..............<
....# .#......# ......Z#.......
.... #...$... .......##.....> ..
.....(......... .
.......#....... #.......
.......#


You could see Ijyb.

Vanquished Creatures
  Sigmund (D:2)
  A necrophage (D:4)
  A centaur (D:5)
  2 scorpions (D:4)
  A hound (D:4)
  A bullfrog skeleton (D:3)
  A jelly (D:3)
  2 iguanas
  An adder (D:3)
  2 worms (D:2)
  2 dart slugs
  3 orcs
  10 ball pythons
  7 endoplasms
  2 giant cockroaches
  8 goblins
  5 hobgoblins
  4 jackals (D:3)
  4 kobolds
  8 quokkas
  3 bats
  2 frilled lizards (D:1)
  7 rats
78 creatures vanquished.

Notes
Turn   | Place    | Note
-------+----------+-------------------------------------------
     0 | D:1      | Jawa73 the Octopode Fighter began the quest for the Orb.
     0 | D:1      | Reached XP level 1. HP: 16/16 MP: 1/1
   114 | D:1      | Reached XP level 2. HP: 21/21 MP: 2/2
   776 | D:1      | Reached XP level 3. HP: 16/26 MP: 3/3
   926 | D:1      | You fall into a shaft and drop 1 floor!
  1205 | D:2      | Noticed Sigmund
  1215 | D:2      | Killed Sigmund
  1216 | D:2      | Reached skill level 3 in Axes
  1216 | D:2      | Reached XP level 4. HP: 33/33 MP: 4/4
  1216 | D:2      | Reached XP level 5. HP: 37/37 MP: 5/5
  1257 | D:2      | Reached skill level 4 in Axes
  1282 | D:2      | Learned a level 2 spell: Call Imp
  1886 | D:3      | Reached XP level 6. HP: 43/43 MP: 6/6
  2340 | D:3      | Found a faded altar of an unknown god.
  3344 | D:4      | Reached skill level 5 in Axes
  3344 | D:4      | Reached XP level 7. HP: 24/48 MP: 7/7
  3914 | D:5      | Entered Level 5 of the Dungeon
  4184 | D:5      | Reached skill level 6 in Axes
  4242 | D:5      | Noticed Ijyb
  4269 | D:5      | Killed from afar by Ijyb

Illustrated notes

Levels and vault maps discovered:
D:1:      nzn_arrival_crosshair, layout_basic
D:2:      layout_rooms, uniq_sigmund
D:3:      layout_loops_ring, basic_ecumenical_altar
D:4:      layout_cave_pools
D:5:      layout_cave_pools, grunt_gozag_statues, uniq_ijyb

Skill      XL: |  1  2  3  4  5  6  7 |
---------------+----------------------+-----
Axes           | 3 4 5 6 |  6.1
Dodging        | 4 |  4.5
Fighting       | 4 |  4.4
Shields        | 4 |  4.1

Action                   |  1- 3 |  4- 6 |  7- 9 || total
-------------------------+-------+-------+-------++-------
Melee: War axe           |    44 |    31 |       ||    75
       Constrict         |     7 |    17 |     5 ||    29
       Tentacles         |     6 |    14 |     3 ||    23
       Hand axe          |       |    45 |    26 ||    71
  Use: Scroll            |     2 |     2 |     2 ||     6
       Potion            |       |     1 |     1 ||     2
 Stab: Sleeping          |     7 |     6 |     1 ||    14
Armor: Skin              |     4 |     4 |     4 ||    12
Dodge: Dodged            |    24 |    43 |    15 ||    82
Block: Buckler           |     8 |    13 |     3 ||    24

Table legend: (Time is in decaauts)
 A = Elapsed time spent in this place.
 B = Non-inter-level travel time spent in this place.
 C = Inter-level travel time spent in this place.
 D = Time resting spent in this place.
 E = Time spent auto-exploring this place.
 F = Levels seen in this place.
 G = Mean time per level.
                   A        B        C        D        E       F      G
               +--------+--------+--------+--------+--------+-----+--------+
         Total |   4300 |   4141 |    159 |    216 |   3083 |   5 |  860.0 |
       Dungeon |   4300 |   4141 |    159 |    216 |   3083 |   5 |  860.0 |
               +--------+--------+--------+--------+--------+-----+--------+

Top non-repeatable levels by time:
     D:4: 1206 daAuts
     D:1: 1186 daAuts
     D:3: 1063 daAuts
     D:2: 705 daAuts
     D:5: 138 daAuts
